 Seeded DCSS version 0.30-a0-972-gf3ab3527aa (webtiles) character file.

Game seed: 7376727138063967151 (custom seed)

40158 voltaire321 the Covert (level 14, -5/84 HPs)
             Began as a Kobold Enchanter on Mar 31, 2023.
             Was a High Priest of Kikubaaqudgha.
             Slain by a minotaur (39 damage)
             ... in a Gauntlet.
             The game lasted 00:57:44 (14308 turns).

voltaire321 the Covert (Kobold Enchanter)          Turns: 14308, Time: 00:57:44

Health: -5/84      AC: 11    Str: 21    XL:     14   Next: 43%
Magic:  1/26       EV: 23    Int: 16    God:    Kikubaaqudgha [*****.]
Gold:   1745       SH:  0    Dex: 23    Spells: 8/29 levels left

rFire   + . .      SeeInvis .    a - +3 dagger "Visheosu" {pain, rPois rN+ Dex+5}
rCold   + . .      Faith    .    (no shield)
rNeg    + . .      Spirit   .    J - +3 leather armour {rC+}
rPois   +          Reflect  .    L - +1 hat {Will+}
rElec   .          Rampage  .    (no cloak)
rCorr   .          NoTele   +    d - +1 pair of gloves
Will    ++...                    u - +0 pair of boots of the Doldrums {Regen+ Str+7}
Stlth   ++++++                   E - amulet of regeneration
HPRegen 1.94/turn                o - +6 ring of strength
MPRegen 0.20/turn                w - ring of protection from fire

@: no status effects
A: small, no large weapons, nightstalker 3
a: Renounce Religion, Unearth Wretches, Torment


You were in a Gauntlet.
You worshipped Kikubaaqudgha.
Kikubaaqudgha was extremely pleased with you.
You visited 2 branches of the dungeon, and saw 12 of its levels.
You also visited: Sewer, Bailey and Gauntlet.

You collected 1784 gold pieces.
You spent 39 gold pieces at shops.

Inventory:

Hand Weapons
 a - the +3 dagger "Visheosu" (weapon) {pain, rPois rN+ Dex+5}
   (You found it on level 2 of the Dungeon)

   Dex:       It affects your dexterity (+5).
   rPois:     It protects you from poison.
   rN:        It protects you from negative energy.
 e - a +3 short sword
 q - a +1 rapier
 y - a +0 short sword of electrocution
 F - a +3 short sword of flaming
 R - the +7 short sword of the Extremes {freeze, Int+3}
   (You found it on level 10 of the Dungeon)

   Int:       It affects your intelligence (+3).
Missiles
 x - 53 poisoned darts
 B - a curare-tipped dart
 I - a throwing net
Armour
 d - a +1 pair of gloves (worn)
 r - a +0 troll leather armour
 u - the +0 pair of boots of the Doldrums (worn) {Regen+ Str+7}
   (You acquired it on level 9 of the Dungeon)

   Str:       It affects your strength (+7).
   Regen:     It increases your rate of health regeneration.
 H - +0 swamp dragon scales
 J - a +3 leather armour of cold resistance (worn)
 L - a +1 hat of willpower (worn)
Jewellery
 f - the Hermit's Pendant {Faith Invo=14 Evo=0 MP+5}
   (You found it on level 3 of the Dungeon)

   [amulet of faith]

   Invo=14: It sets your Invocations skill to 14.
   Evo=0: It sets your Evocations skill to 0.
   It allows you to gain divine favour quickly.
   MP:        It affects your magic capacity (+5).
 j - the amulet "Bois" {Spirit Fly}
   (You found it in a Gauntlet)

   [amulet of guardian spirit]

   It causes incoming damage to be divided between your reserves of health and
   magic.
   Fly:       It grants you flight.
 m - a +6 ring of dexterity
 o - a +6 ring of strength (left hand)
 w - a ring of protection from fire (right hand)
 A - an amulet of magic regeneration
 D - a ring of poison resistance
 E - an amulet of regeneration (around neck)
Wands
 n - a wand of mindburst (7)
 t - a wand of flame (77)
 M - a wand of roots (3)
Scrolls
 s - a scroll of fog
 v - 2 scrolls of amnesia
 G - 2 scrolls of enchant weapon
 O - 2 scrolls of teleportation
 P - 3 scrolls of fear
Potions
 b - a potion of lignification
 c - 3 potions of invisibility
 g - 2 potions of mutation
 h - 4 potions of magic
 i - a potion of resistance
 k - 3 potions of curing
 l - a potion of ambrosia
 p - 4 potions of cancellation
 z - 2 potions of haste
 K - a potion of brilliance
 T - a potion of berserk rage


   Skills:
 + Level 8.7 Fighting
 - Level 10.4 Short Blades
 - Level 5.0 Armour
 + Level 10.0 Dodging
 + Level 12.5 Stealth
 + Level 8.4 Spellcasting
 + Level 8.6 Hexes
 + Level 7.9 Necromancy
 - Level 2.0 Ice Magic
 + Level 3.6 Earth Magic


You had 8 spell levels left.
You knew the following spells:

 Your Spells              Type           Power      Damage    Failure   Level
a - Ensorcelled Hibernat  Hex/Ice        46%        N/A       1%          2
b - Vampiric Draining     Necr           32%        2d8       1%          3
c - Tukima's Dance        Hex            34%        N/A       1%          3
d - Anguish               Hex/Necr       16%        N/A       4%          4
e - Animate Dead          Necr           32%        N/A       4%          4
f - Borgnjor's Vile Clut  Necr/Erth      12%        N/A       32%         5

Your spell library contained the following spells:

 Spells                   Type           Power      Damage    Failure   Level
 Necrotise                Necr           100%       1d9       1%          1
 Sublimation of Blood     Necr           32%        N/A       1%          2
 Confusing Touch          Hex            34%        N/A       1%          3
 Kiss of Death            Conj/Necr      76%        2d11      2%          1
 Cigotuvi's Dreadful Rot  Necr/Pois/Air  30%        N/A       6%          2
 Dazzling Flash           Conj/Hex       40%        N/A       6%          3
 Passwall                 Tmut/Erth      10%        N/A       9%          2
 Shock                    Conj/Air       24%        1d4       12%         1
 Agony                    Necr           32%        N/A       13%         5
 Ignite Poison            Fire/Tmut/Pois 6%         N/A       36%         3
 Kindle Blastsparks       Fire/Tloc/Air  12%        2d11      36%         3
 Swiftness                Air            6%         N/A       36%         3
 Petrify                  Tmut/Erth      12%        N/A       50%         4
 Death Channel            Necr           16%        N/A       58%         6
 Airstrike                Air            3%         2d(1-17)  77%         4
 Freezing Cloud           Conj/Ice/Air   4%         6-21      95%         5
 Irradiate                Conj/Tmut      3%         3d12      98%         5
 Summon Forest            Summ/Tloc      3%         N/A       98%         5
 Eringya's Noxious Bog    Tmut/Pois      3%         N/A       100%        6
 Summon Hydra             Summ           3%         N/A       100%        7


Dungeon Overview and Level Annotations

Branches:
Dungeon (11/15)            Temple (0/1) D:7            Lair (1/5) D:10
    Orc (0/2) D:9           Sewer (visited)          Bailey (visited)
Gauntlet (1/1)

Altars:
Dithmenos
Fedhas
Gozag
Kikubaaqudgha
Makhleb
Nemelex Xobeh
Okawaru
Ru
Trog
Vehumet
The Shining One

Shops:
D:1 !   D:4 !   D:6 *   D:10 :

Annotations:
Gauntlet 7 transporters, 15 runed translucent doors


Innate Abilities, Weirdness & Mutations

You are small and have problems with some larger weapons.
You are completely attuned to the shadows.


Message History

Press: ? - help, Shift-Dir - straight line, f/p - minotaur
Aim: a minotaur, wielding the +5 falchion of Upla {protect, Dex+6}, wearing a +2 ring mail of poison resistance and quivering silver javelins (heavily wounded, strong, chance to affect: 6%)
The minotaur's mind is blasted!!
The minotaur throws a silver javelin.
The silver javelin completely misses you.
Aiming: Mindburst
Press: ? - help, Shift-Dir - straight line, f/p - minotaur
Aim: a minotaur, wielding the +5 falchion of Upla {protect, Dex+6}, wearing a +2 ring mail of poison resistance and quivering silver javelins (severely wounded, strong, chance to affect: 6%)
The minotaur resists with almost no effort.
Aiming: Mindburst
Press: ? - help, Shift-Dir - straight line, f/p - minotaur
Aim: a minotaur, wielding the +5 falchion of Upla {protect, Dex+6}, wearing a +2 ring mail of poison resistance and quivering silver javelins (severely wounded, strong, chance to affect: 6%)
The minotaur resists with almost no effort.
Casting: Anguish (dangerous; 4% risk of failure)
Confirm with . or Enter, or press ? or * to list all spells.
Aiming: Vampiric Draining (safe; 1% risk of failure)
Press: ? - help, Shift-Dir - straight line, f/p - minotaur
Aim: a minotaur, wielding the +5 falchion of Upla {protect, Dex+6}, wearing a +2 ring mail of poison resistance and quivering silver javelins (severely wounded, strong)
You draw life force from the minotaur.
You feel life coursing into your body. The minotaur completely misses you.
The minotaur gores you but does no damage.
Casting: Vampiric Draining (safe; 1% risk of failure)
Confirm with . or Enter, or press ? or * to list all spells.
You don't know that spell.
Casting: Vampiric Draining (safe; 1% risk of failure)
Confirm with . or Enter, or press ? or * to list all spells.
Aiming: Tukima's Dance (safe; 1% risk of failure)
Press: ? - help, Shift-Dir - straight line, f/p - minotaur
Aim: a minotaur, wielding the +5 falchion of Upla {protect, Dex+6}, wearing a +2 ring mail of poison resistance and quivering silver javelins (severely wounded, strong, chance to affect: 6%)
The +5 falchion of Upla {protect, Dex+6} dances into the air!
The minotaur hits you but does no damage.
The minotaur completely misses you.
Casting: Tukima's Dance (safe; 1% risk of failure)
Confirm with . or Enter, or press ? or * to list all spells.
Aiming: Vampiric Draining (safe; 1% risk of failure)
Press: ? - help, Shift-Dir - straight line, f/p - minotaur
Aim: a minotaur, wearing a +2 ring mail of poison resistance and quivering silver javelins (severely wounded, strong, ally target)
You draw life force from the minotaur.
You feel life coursing into your body. The minotaur hits you!!!
You die...
Kikubaaqudgha rasps: "You have failed me!
Welcome... death!"

###.### #...H.# ######'###
#........... #.###.###.##
#.###.###(## #............
###.###H###.# ####.###@###.#####
≈...............§# ###
####8..©.©.©.©.©.©..8#### ### #8#
#8##≈...............≈##8# #8#
#################################
...............≈∩≈...............
.................................
####.###########.###########.####
".5#.#...?©?[.G#.#[.#.©2..[#.#y.:


You could see a minotaur (strong, ally target) and a friendly +5 falchion of
Upla {protect, Dex+6}.

Vanquished Creatures
  Gastronok (D:8)
  A centaur warrior (D:10)
  A two-headed ogre (D:10)
  Pikel (D:7)
  Joseph (D:7)
  A gargoyle (Bailey)
  3 kobold demonologists (D:10)
  Maggie (D:7)
  A komodo dragon (D:10)
  3 meliai (Gauntlet)
  3 trolls
  4 small abominations (Gauntlet)
  A shadow (D:10)
  9 yaks
  2 centaur simulacra (Gauntlet)
  A vampire (Bailey)
  Grum (D:8)
  3 wyverns
  A large abomination (Gauntlet)
  A warg (D:9)
  Menkaure (D:6)
  A meliai simulacrum (Gauntlet)
  2 water moccasins
  Duvessa (D:7)
  3 ice beasts
  11 orc warriors
  A sky beast (D:8)
  2 black bears (D:6)
  2 wolves (D:8)
  2 ogres
  4 centaurs
  A phantom (D:4)
  7 kobold brigands
  7 bullfrogs
  A gnoll sergeant (D:10)
  2 scorpions (D:5)
  3 wights (D:10)
  Dowan (D:7)
  8 vampire bats (Bailey)
  7 wolf zombies (Bailey)
  A howler monkey (D:10)
  A crimson imp (D:6)
  4 jellies
  A wyvern simulacrum (Gauntlet)
  7 orc priests
  2 hounds (D:4)
  Ijyb (D:3)
  Jessica (D:3)
  3 iguanas
  A sleepcap (D:6)
  12 orc wizards
  Natasha (D:2)
  7 gnolls
  9 adders
  8 river rats (Sewer)
  A white imp (D:7)
  An ufetubus (D:5)
  3 adder skeletons (D:2)
  3 worms
  A dart slug (D:1)
  55 orcs
  10 bats
  A bat zombie (D:2)
  8 endoplasms
  A giant cockroach (D:4)
  14 goblins
  9 hobgoblins
  6 jackals (D:1)
  A quokka (D:5)
  20 ball pythons
  3 frilled lizards
  39 kobolds
  16 orc zombies (Bailey)
  19 rats
377 creatures vanquished.

Vanquished Creatures (others)
  A wyvern (Lair:1)
  9 fungi (Gauntlet)
  34 plants
  14 withered plants (D:2)
58 creatures vanquished.

Grand Total: 435 creatures vanquished

Notes
Turn   | Place    | Note
-------+----------+-------------------------------------------
     0 | D:1      | voltaire321 the Kobold Enchanter began the quest for the
                  | Orb.
     0 | D:1      | Reached XP level 1. HP: 10/10 MP: 3/3
   157 | D:1      | Reached XP level 2. HP: 15/15 MP: 5/5
   200 | D:1      | Learned a level 2 spell: Ensorcelled Hibernation
   377 | D:1      | Reached XP level 3. HP: 20/20 MP: 6/6
   515 | D:1      | You fall into a shaft and drop 1 floor!
   583 | D:1      | Found Ifiul's Distillery.
   593 | D:1      | Bought a potion of curing for 39 gold pieces
  1912 | D:2      | Reached XP level 4. HP: 24/24 MP: 7/7
  1949 | D:2      | Reached skill level 5 in Stealth
  2129 | D:2      | Noticed Natasha
  2176 | D:3      | Noticed Jessica
  2178 | D:3      | Killed Jessica
  2179 | D:3      | Reached skill level 1 in Ice Magic
  2364 | D:2      | Killed Natasha
  2365 | D:2      | Reached skill level 1 in Fighting
  2365 | D:2      | Reached XP level 5. HP: 19/29 MP: 1/9
  2548 | D:2      | Identified the +3 dagger "Visheosu" {pain, rPois rN+ Dex+5}
  2714 | D:3      | Found a faded altar of an unknown god.
  2714 | D:3      | Found the Hermit's Pendant {Faith Invo=14 Evo=0 MP+5}
  2819 | D:3      | Found a shadowy altar of Dithmenos.
  3217 | D:3      | Noticed Ijyb
  3224 | D:3      | Killed Ijyb
  3226 | D:3      | HP: 1/29 [goblin/+0 club (2)]
  3238 | D:3      | Reached XP level 6. HP: 25/34 MP: 2/10
  3311 | D:3      | Learned a level 3 spell: Vampiric Draining
  3327 | D:3      | Found an ancient bone altar of Kikubaaqudgha.
  3332 | D:3      | Became a worshipper of Kikubaaqudgha
  3634 | D:4      | Learned a level 3 spell: Tukima's Dance
  3655 | D:4      | Reached skill level 6 in Stealth
  3664 | D:4      | Found Ulle's Distillery.
  3955 | D:4      | Reached skill level 1 in Necromancy
  3955 | D:4      | Reached XP level 7. HP: 10/40 MP: 1/11
  4380 | D:4      | Reached * piety under Kikubaaqudgha
  4380 | D:4      | Received a gift from Kikubaaqudgha
  4755 | D:4      | Found a sparkling altar of Nemelex Xobeh.
  4832 | D:5      | Entered Level 5 of the Dungeon
  4911 | D:5      | Found a bloodstained altar of Trog.
  5067 | D:5      | Reached XP level 8. HP: 45/45 MP: 11/13
  5107 | D:5      | Found a glowing drain.
  5117 | Sewer    | Entered a sewer
  5176 | Sewer    | Reached skill level 7 in Stealth
  5228 | Sewer    | Reached ** piety under Kikubaaqudgha
  5253 | Sewer    | Reached skill level 1 in Armour
  6419 | D:6      | Found a burning altar of Makhleb.
  6465 | D:6      | Reached skill level 5 in Dodging
  6465 | D:6      | Reached XP level 9. HP: 51/51 MP: 15/15
  6489 | D:6      | Reached *** piety under Kikubaaqudgha
  6489 | D:6      | Received a gift from Kikubaaqudgha
  6505 | D:6      | Reached skill level 5 in Short Blades
  6535 | D:6      | Noticed Menkaure
  6542 | D:6      | Killed Menkaure
  6796 | D:6      | Reached skill level 8 in Stealth
  6806 | D:6      | Reached skill level 5 in Hexes
  6981 | D:6      | Found an iron altar of Okawaru.
  7293 | D:6      | Found an opulent altar of Gozag.
  7303 | D:6      | Found Gozag's Platinum Reserve.
  7371 | D:7      | Identified the +0 robe "Xezanaes" {Str+3 Int+3}
  7405 | D:7      | Noticed Pikel
  7408 | D:7      | Noticed Joseph
  7409 | D:7      | Killed Pikel
  7410 | D:7      | Reached skill level 5 in Spellcasting
  7410 | D:7      | Reached XP level 10. HP: 52/58 MP: 14/17
  7419 | D:7      | Killed Joseph
  7420 | D:7      | Reached skill level 5 in Fighting
  7601 | D:7      | Found a flagged portal.
  7615 | Bailey   | Entered a bailey
  7649 | Bailey   | Reached **** piety under Kikubaaqudgha
  7689 | Bailey   | Reached skill level 9 in Stealth
  8159 | Bailey   | Noticed a gargoyle
  8163 | Bailey   | Killed a gargoyle
  8185 | Bailey   | Identified the +0 scale mail of Slovenliness {*Corrode
                  | rElec rN+++ Will-}
  8397 | D:7      | Found a sacrificial altar of Ru.
  8449 | D:7      | Noticed Duvessa
  8450 | D:7      | Noticed Dowan
  8464 | D:7      | Killed Duvessa
  8466 | D:7      | Killed Dowan
  8732 | D:7      | Found a blossoming altar of Fedhas.
  8842 | D:7      | Found a staircase to the Ecumenical Temple.
  9191 | D:7      | Noticed Maggie
  9193 | D:7      | Killed Maggie
  9667 | D:8      | Reached skill level 5 in Necromancy
  9667 | D:8      | Reached XP level 11. HP: 64/64 MP: 17/19
  9672 | D:8      | Learned a level 4 spell: Anguish
  9677 | D:8      | Learned a level 4 spell: Animate Dead
  9683 | D:8      | Learned a level 5 spell: Borgnjor's Vile Clutch
  9692 | D:8      | Noticed Gastronok
  9713 | D:8      | Killed Gastronok
  9713 | D:8      | Reached ***** piety under Kikubaaqudgha
  9714 | D:8      | Reached skill level 1 in Earth Magic
  9836 | D:8      | Noticed Grum
  9840 | D:8      | Killed Grum
 10090 | D:8      | Found a glowing golden altar of the Shining One.
 10287 | D:8      | Noticed a deep elf pyromancer
 10288 | D:8      | Noticed a cyclops
 10340 | D:9      | Reached skill level 10 in Stealth
 10359 | D:9      | Identified a scroll of acquirement
 10359 | D:9      | Acquired the +0 pair of boots of the Doldrums {Regen+
                  | Str+7}
 10549 | D:9      | Found a radiant altar of Vehumet.
 10982 | D:9      | Found a staircase to the Orcish Mines.
 11828 | D:10     | Entered Level 10 of the Dungeon
 12465 | D:10     | Identified the +7 short sword of the Extremes {freeze,
                  | Int+3}
 12506 | D:10     | Reached XP level 12. HP: 64/71 MP: 22/22
 12626 | D:10     | Noticed a two-headed ogre
 12630 | D:10     | Killed a two-headed ogre
 12632 | D:10     | Found Urhum's Self-Improvement Boutique.
 12704 | D:10     | Found a staircase to the Lair.
 12920 | D:10     | Noticed a centaur warrior
 12928 | D:10     | Killed a centaur warrior
 13411 | Lair:1   | Entered Level 1 of the Lair of Beasts
 13707 | Lair:1   | Found a gate leading to a gauntlet.
 13713 | Gauntlet | Entered a Gauntlet
 13713 | Gauntlet | Found a transporter.
 13713 | Gauntlet | Found a large runed translucent door.
 13713 | Gauntlet | Found a large runed translucent door.
 13714 | Gauntlet | Found a large runed translucent door.
 13714 | Gauntlet | Found a large runed translucent door.
 13715 | Gauntlet | Found a large runed translucent door.
 13715 | Gauntlet | Found a runed translucent door.
 13715 | Gauntlet | Found a large runed translucent door.
 13715 | Gauntlet | Found a runed translucent door.
 13722 | Gauntlet | Found a large runed translucent door.
 13723 | Gauntlet | Found a large runed translucent door.
 13724 | Gauntlet | Found a large runed translucent door.
 13724 | Gauntlet | Found a large runed translucent door.
 13729 | Gauntlet | Found a transporter.
 13731 | Gauntlet | Found a transporter.
 13753 | Gauntlet | Found a transporter.
 13761 | Gauntlet | Found a transporter.
 13769 | Gauntlet | Found a transporter.
 13791 | Gauntlet | Found a transporter.
 13803 | Gauntlet | Found a transporter.
 13815 | Gauntlet | Found a transporter.
 13827 | Gauntlet | Found a transporter.
 13832 | Gauntlet | Noticed a glowing orange brain
 13839 | Gauntlet | Found a transporter.
 13845 | Gauntlet | Noticed a blizzard demon
 13849 | Gauntlet | Reached skill level 11 in Stealth
 13849 | Gauntlet | Reached XP level 13. HP: 78/78 MP: 22/24
 13850 | Gauntlet | Reached skill level 10 in Short Blades
 13850 | Gauntlet | Reached skill level 12 in Stealth
 13850 | Gauntlet | Reached XP level 14. HP: 84/84 MP: 22/26
 13866 | Gauntlet | Found a transporter.
 13898 | Gauntlet | Acquired 1073 gold pieces
 14020 | Gauntlet | Found a large runed translucent door.
 14021 | Gauntlet | Found a large runed translucent door.
 14036 | Gauntlet | Found a large runed translucent door.
 14036 | Gauntlet | Found a large runed translucent door.
 14042 | Gauntlet | Found a runed translucent gate.
 14042 | Gauntlet | Found a runed translucent gate.
 14042 | Gauntlet | Found a runed translucent gate.
 14044 | Gauntlet | Found a transporter.
 14081 | Gauntlet | HP: 4/84 [wyvern simulacrum (5)]
 14116 | Gauntlet | Found a large runed translucent door.
 14117 | Gauntlet | Found a large runed translucent door.
 14153 | Gauntlet | Reached skill level 10 in Dodging
 14185 | Gauntlet | Reached skill level 5 in Armour
 14266 | Gauntlet | Identified the amulet "Bois" {Spirit Fly}
 14288 | Gauntlet | Identified the +5 falchion of Upla {protect, Dex+6}
 14288 | Gauntlet | Noticed a minotaur
 14308 | Gauntlet | Slain by a minotaur

Illustrated notes

Levels and vault maps discovered:
D:1:      amcnicky_arrival_flooded_fountain, layout_loops_corners, serial_shops,
          shop, minmay_misc_feat_ornament, minmay_tromino_i4
D:2:      layout_loops_cross, dilly_guarded_unrand_morg
D:3:      kennysheep_the_goblin_king, layout_rooms,
          mainiacjoe_overflow_alcove_1, grunt_dithmenos_smoke_and_mirrors,
          hellmonk_guarded_unrand_hermit, uniq_jessica
D:4:      layout_loops_ring, nemelex_diamond_rough_becter, serial_shops, shop,
          minmay_fractal_squares_gapless_5
D:5:      layout_basic, mainiacjoe_overflow_surrounded_room,
          portal_sewer_entry_d
D:6:      layout_cave_pools, makhleb_grotto_becter,
          nicolae_gozag_zags_fifth_avenue, lemuel_doored_altar,
          minmay_checkerbox, uniq_menkaure
D:7:      layout_gridville, lemuel_tele_altar,
          mainiacjoe_overflow_catch_the_wave, minmay_temple_entry_wispy,
          enter_bailey_5, lightli_orcish_oven, uniq_joseph, uniq_maggie,
          uniq_pikel, uniq_duvessa
D:8:      minmay_bloctagon_deflated, layout_cave_pods, tso_altar,
          uniq_gastronok, uniq_grum
D:9:      layout_long_grid, fiery_altar_vehumet, david_orc_1_choice
D:10:     layout_basic, david_lair_shrubbed, grunt_ministairs_5,
          grunt_decor_mini_mirrors, nicolae_shop_self_help
D:11:     layout_gridville
Lair:1:   layout_chaotic_city, gauntlet_entry_generic, uniq_harold
Gauntlet: gammafunk_gauntlet_one_two_three
          [minmay_gauntlet_arena_make_your_own_arena,
          gammafunk_gauntlet_arena_grid, gammafunk_gauntlet_arena_arrow_garden,
          nicolae_gauntlet_arena_x, nicolae_gauntlet_arena_quarters,
          nicolae_gauntlet_swirl, gammafunk_gauntlet_arena_crates,
          gammafunk_gauntlet_arena_hedges, gammafunk_gauntlet_arena_mazey,
          gauntlet_exit_watery]

Skill      XL: |  1  2  3  4  5  6  7  8  9 10 11 12 13 14 |
---------------+-------------------------------------------+-----
Short Blades   | 2 3 4 6 7 8 9 10 | 10.4
Stealth        | 5 6 7 8 9 10 11 12 | 12.5
Dodging        | 3 4 5 6 7 8 9 10 | 10.0
Ice Magic      | 1 2 |  2.0
Fighting       | 1 2 3 4 5 6 8 |  8.7
Spellcasting   | 3 4 5 6 7 8 |  8.4
Necromancy     | 1 2 3 5 6 7 |  7.9
Hexes          | 4 5 6 7 8 |  8.6
Armour         | 1 2 3 4 5 |  5.0
Earth Magic    | 2 3 |  3.6

Action                     |  1- 3 |  4- 6 |  7- 9 | 10-12 | 13-15 || total
---------------------------+-------+-------+-------+-------+-------++-------
  Melee: Dagger            |    96 |   144 |   236 |   433 |    71 ||   980
         Short sword       |       |    12 |       |       |       ||    12
         Punch             |       |     1 |     3 |     3 |     2 ||     9
   Cast: Ensorcelled Hiber |     9 |    24 |    56 |   111 |     3 ||   203
         Tukima's Dance    |       |       |       |     2 |     1 ||     3
         Vampiric Draining |       |       |       |     1 |     8 ||     9
         Anguish           |       |       |       |     2 |     1 ||     3
  Evoke: Wand              |       |     5 |     2 |    12 |    10 ||    29
    Use: Scroll            |       |    13 |     3 |    13 |     2 ||    31
         Potion            |       |     1 |     2 |     5 |     4 ||    12
   Stab: Sleeping          |    25 |    22 |    58 |    84 |     2 ||   191
         Distracted        |       |     1 |     2 |       |     1 ||     4
 Armour: Robe              |    17 |    56 |    60 |    24 |       ||   157
         Leather armour    |       |       |       |    58 |    30 ||    88
  Dodge: Dodged            |    73 |   212 |   241 |   411 |    83 ||  1020

Table legend: (Time is in decaauts)
 A = Elapsed time spent in this place.
 B = Non-inter-level travel time spent in this place.
 C = Inter-level travel time spent in this place.
 D = Time resting spent in this place.
 E = Time spent auto-exploring this place.
 F = Levels seen in this place.
 G = Mean time per level.
                   A        B        C        D        E       F      G
               +--------+--------+--------+--------+--------+-----+--------+
         Total |  14049 |  13545 |    504 |   2251 |   7446 |  15 |  936.6 |
       Dungeon |  11865 |  11361 |    504 |   1704 |   7075 |  11 | 1078.6 |
          Lair |    289 |    289 |      0 |     77 |     11 |   1 |  289.0 |
         Sewer |    657 |    657 |      0 |    139 |    239 |   1 |  657.0 |
        Bailey |    677 |    677 |      0 |    269 |    121 |   1 |  677.0 |
      Gauntlet |    559 |    559 |      0 |     62 |      0 |   1 |  559.0 |
               +--------+--------+--------+--------+--------+-----+--------+

Top non-repeatable levels by time:
    D:10: 1553 daAuts
     D:9: 1483 daAuts
     D:1: 1370 daAuts
     D:7: 1269 daAuts
     D:4: 1224 daAuts
     D:2: 1186 daAuts
     D:3: 1017 daAuts
     D:6: 955 daAuts
     D:8: 910 daAuts
     D:5: 892 daAuts
  Bailey: 677 daAuts
   Sewer: 657 daAuts
Gauntlet: 559 daAuts
  Lair:1: 289 daAuts
    D:11: 1 daAuts
